Map: Ruins of Endion

Players

Lipton

  • Race: Protoss Protoss
  • League: Master

Miszu - Winner!

  • Race: Terran Terran
  • League: Master

VOD

Have the link to the VOD?

Description

Time

  • Played on: April 22, 2016, 2:24 p.m.
  • Length: 11:35
Show
View Real Time Build Order
Export as new Build Order

Lipton Protoss 

Build Orders: 1 Gate Expand, Oracle Opening 

Get SALT Encoding   

  12  0:01  Probe (Chrono Boost)  
  13  0:11  Probe (Chrono Boost)  
  14  0:22  Probe (Chrono Boost)  
  14  0:25  Pylon  
  15  0:43  Gateway, Probe (Chrono Boost)  
  15  0:46  Assimilator  
  16  0:54  Probe (Chrono Boost)  
  17  1:04  Probe (Chrono Boost)  
  18  1:15  Probe (Chrono Boost)  
  19  1:24  Nexus  
  19  1:27  Probe (Chrono Boost)  
  20  1:38  Cybernetics Core  
  20  1:41  Probe (Chrono Boost)  
  21  1:49  Assimilator  
  21  1:57  Probe (Chrono Boost)  
  21  1:59  Pylon  
  22  2:08  Probe (Chrono Boost)  
  23  2:17  Adept (Chrono Boost), Stargate  
  25  2:23  Probe  
  25  2:25  Warp Gate (Chrono Boost)  
  26  2:36  Probe (Chrono Boost)  
  27  2:41  Mothership Core (Chrono Boost)  
  29  2:48  Probe (Chrono Boost)  
  30  2:59  Probe (Chrono Boost)  
  30  3:00  Probe (Chrono Boost)  
  30  3:05  Oracle (Chrono Boost)  
  32  3:08  Probe (Chrono Boost)  
  32  3:11  Probe  
  37  3:19  Probe  
  37  3:20  Pylon  
  37  3:23  Probe  
  37  3:26  Gateway  
  39  3:37  Probe  
  40  3:42  Oracle  
  40  3:47  Probe  
  44  3:49  Probe  
  44  3:53  Pylon  
  43  4:01  Probe  
  42  4:12  Gateway, Probe (Chrono Boost)  
  42  4:13  Probe (Chrono Boost)  
  42  4:16  Twilight Council  
  43  4:21  Assimilator  
  44  4:24  Probe (Chrono Boost)  
  44  4:25  Assimilator, Probe (Chrono Boost)  
  42  4:35  Probe x2 (Chrono Boost)  
  47  4:44  Nexus  
  47  4:45  Pylon, Probe x2 (Chrono Boost)  
  48  4:46  Blink (Chrono Boost)  
  46  4:54  Probe  
  46  4:56  Probe  
  48  5:05  Probe  
  49  5:08  Probe  
  49  5:09  Stalker x3  
  49  5:14  Pylon  
  56  5:16  Forge  
  56  5:19  Robotics Facility  
  56  5:32  Stalker x2  
  56  5:33  Stalker  
  56  5:34  Probe  
  62  5:36  Probe  
  64  5:46  Probe  
  64  5:49  Protoss Ground Weapons Level 1 (Chrono Boost), Pylon  
  65  5:57  Sentry x2  
  65  5:58  Sentry  
  65  5:59  Probe  
  65  6:00  Probe x2  
  65  6:02  Pylon  
  74  6:09  Probe  
  71  6:12  Probe x2  
  69  6:22  Stalker x3  
  75  6:26  Pylon  
  75  6:27  Pylon  
  67  6:47  Stalker x3  
  67  6:53  Probe  
  70  6:54  Probe  
  70  6:56  Probe  
  70  7:00  Gateway  
  72  7:02  Gateway  
  72  7:04  Gateway, Resonating Glaives  
  72  7:05  Probe x2  
  72  7:07  Gateway  
  72  7:08  Immortal (Chrono Boost), Probe  
  77  7:09  Gateway  
  77  7:10  Sentry x2  
  77  7:11  Sentry  
  83  7:15  Pylon, Probe  
  83  7:17  Pylon  
  84  7:27  Probe x2  
  84  7:29  Pylon  
  86  7:34  Adept x3  
  92  7:40  Pylon, Protoss Ground Weapons Level 2  
  92  7:43  Observer (Chrono Boost), Photon Cannon  
  93  7:45  Photon Cannon  
  93  7:48  Photon Cannon  
  92  8:00  Stalker x4  
  100  8:06  Stalker  
  100  8:07  Stalker  
  98  8:24  Probe x2  
  98  8:25  Adept x2  
  98  8:26  Adept, Stalker x3  
  110  8:28  Warp Prism (Chrono Boost)  
  112  8:39  Stalker  
  112  8:40  Probe x2  
  116  8:42  Assimilator  
  116  8:43  Assimilator  
  116  8:46  Probe  
  117  8:52  Probe  
  117  8:54  Stalker x3  
  124  8:56  Probe  
  124  8:57  Probe  
  124  9:01  Observer (Chrono Boost)  
  120  9:09  Probe x2  
  121  9:10  Photon Cannon  
  110  9:26  Adept x4  
  110  9:27  Adept x3  
  110  9:29  Probe  
  125  9:32  Probe  
  117  9:48  Stalker x2  
  117  9:49  Stalker x2  
  125  10:01  Pylon  
  125  10:03  Pylon  
  125  10:05  Pylon  
  125  10:07  Pylon  
  125  10:11  Robotics Bay  
  125  10:19  Probe  
  126  10:21  Adept x4  
  126  10:22  Adept x3  
  121  10:36  Observer (Chrono Boost)  
  113  10:44  Probe x2  
  113  10:47  Adept x3  
  113  10:48  Adept x3  
  122  10:56  Stalker  
  124  10:59  Probe  
  125  11:10  Stalker x3  
  111  11:13  Probe  
  111  11:14  Probe  
  111  11:15  Adept  
Show
View Real Time Build Order
Export as new Build Order

Miszu Terran - Winner!

Build Orders: Command Center First (CC), MMM Bio 

Get SALT Encoding   

  12  0:02  SCV  
  13  0:16  SCV  
  14  0:25  Supply Depot  
  14  0:30  SCV  
  15  0:47  SCV  
  16  0:59  SCV  
  17  1:06  Command Center  
  17  1:11  SCV  
  17  1:16  Barracks  
  18  1:23  SCV  
  19  1:29  Barracks  
  19  1:35  SCV  
  20  1:42  Barracks  
  20  1:50  SCV  
  21  2:04  Marine, Orbital Command  
  22  2:16  Marine  
  22  2:17  Orbital Command  
  22  2:22  Marine  
  24  2:29  Marine, SCV  
  25  2:32  Refinery  
  25  2:33  Refinery  
  25  2:34  Marine  
  27  2:40  Marine  
  27  2:42  SCV  
  27  2:43  SCV  
  30  2:47  Marine  
  31  2:54  Supply Depot, SCV  
  31  2:55  SCV  
  31  2:56  Supply Depot, Marine  
  34  3:01  Barracks Tech Lab  
  34  3:05  Marine  
  34  3:06  SCV  
  34  3:07  SCV  
  37  3:14  Marine  
  37  3:18  SCV  
  39  3:21  SCV  
  39  3:22  Marine  
  39  3:23  Marine, Stimpack  
  42  3:30  SCV  
  42  3:31  Marine  
  44  3:35  Supply Depot  
  44  3:40  Marine  
  44  3:41  Marine  
  46  3:53  SCV  
  46  3:54  SCV  
  44  4:07  SCV x2  
  45  4:14  Engineering Bay  
  45  4:15  Barracks Reactor, Barracks Tech Lab  
  45  4:17  Factory  
  45  4:19  SCV  
  45  4:20  Refinery, SCV  
  45  4:31  SCV  
  45  4:32  SCV  
  47  4:41  Missile Turret  
  47  4:43  Missile Turret  
  47  4:44  SCV x2  
  49  4:56  SCV x2  
  49  4:59  Barracks  
  51  5:00  Barracks  
  51  5:02  Factory Reactor  
  51  5:03  Starport, Marauder  
  51  5:04  Marine  
  54  5:09  Supply Depot  
  54  5:10  Terran Infantry Weapons Level 1  
  54  5:17  Supply Depot  
  54  5:21  Combat Shields  
  54  5:24  Concussive Shells  
  54  5:31  Marine x2, Marauder, SCV x2  
  54  5:33  Marine  
  61  5:39  Supply Depot  
  61  5:43  SCV x2  
  61  5:46  Medivac, Factory Reactor  
  61  5:47  Medivac  
  61  5:49  Marauder  
  69  5:52  Barracks Tech Lab  
  69  5:55  SCV  
  70  5:57  Barracks Reactor  
  70  6:01  Supply Depot, SCV  
  70  6:03  Supply Depot  
  71  6:07  SCV  
  69  6:13  SCV  
  70  6:18  Marine  
  70  6:19  Marine x3, Marauder, SCV  
  76  6:28  Medivac x2  
  80  6:32  Refinery  
  80  6:33  Widow Mine  
  80  6:35  Marine x2  
  80  6:36  Marine x3  
  80  6:37  Marauder  
  80  6:38  SCV, Widow Mine  
  80  6:39  Marine  
  92  6:40  Command Center  
  79  6:54  Marine x3  
  79  6:55  Marauder  
  79  6:56  Marine  
  79  6:58  Marauder  
  79  7:01  Marauder  
  89  7:02  Widow Mine  
  89  7:06  Widow Mine  
  90  7:12  Marine  
  90  7:13  Supply Depot, Marine x2  
  90  7:14  Supply Depot  
  93  7:29  Marine  
  94  7:34  Marine x2  
  94  7:35  Marine x2, Medivac, Marauder x2  
  94  7:36  Supply Depot  
  104  7:37  Supply Depot  
  104  7:45  Widow Mine x2  
  104  7:46  Medivac  
  110  7:52  Marine x2, SCV x2  
  110  7:53  Marine, Marauder  
  110  7:54  Orbital Command  
  110  7:56  Marauder  
  110  7:57  Marauder  
  121  8:04  SCV  
  116  8:13  Marine  
  116  8:14  Marauder, Widow Mine  
  116  8:18  Marauder  
  122  8:22  Marine, Widow Mine  
  122  8:23  Medivac x2, Marauder  
  131  8:29  Marine x2  
  131  8:31  Marine  
  132  8:36  SCV x3  
  133  8:41  Engineering Bay, Armory  
  133  8:46  Terran Infantry Armor Level 1  
  133  8:48  SCV x3  
  135  8:52  Supply Depot  
  135  8:53  Medivac  
  138  9:00  SCV x3  
  129  9:10  Marauder  
  129  9:12  Marine, Marauder, Widow Mine  
  129  9:13  Medivac  
  133  9:21  Marauder  
  133  9:23  Medivac  
  132  9:25  Widow Mine  
  132  9:29  Marine x2  
  136  9:31  Marauder  
  136  9:34  Marine, Marauder  
  140  9:41  Widow Mine  
  140  9:42  Marine  
  140  9:43  Medivac, Marauder  
  145  9:50  Marine  
  144  9:53  Medivac, Marauder  
  144  9:54  Barracks, Widow Mine  
  144  9:55  Barracks, SCV  
  144  9:56  Refinery x2  
  144  9:57  Barracks, SCV x2  
  144  9:58  Supply Depot  
  144  9:59  Supply Depot  
  147  10:00  Marauder  
  149  10:07  Marine x2, Marauder, SCV  
  149  10:10  Widow Mine  
  149  10:11  SCV  
  149  10:13  SCV  
  158  10:14  Marauder  
  158  10:19  SCV  
  158  10:21  Marauder  
  158  10:23  SCV  
  158  10:25  Marine, SCV  
  158  10:27  Widow Mine  
  165  10:29  Marauder  
  154  10:36  Marauder  
  154  10:38  Widow Mine  
  154  10:41  Marine x3  
  161  10:43  Marauder  
  160  10:50  Marine, Marauder  
  160  10:51  Marine x3  
  160  10:52  Medivac x2  
  160  10:56  Widow Mine  
  174  10:57  Marauder  
  174  10:58  Marine  
  174  10:59  Marine x2  
  179  11:04  Marauder  
  179  11:08  Marine  
  179  11:09  Marine x3  
  171  11:11  Marauder  
  171  11:16  Marine  
  171  11:17  Marine x2  
Tags
 
Add a new tag
Caveats
  • Supply blocks, unpowered buildings, or Contaminate may cause inaccurate times.
  • Supply counts are checked every 10 seconds.